 Dungeon Crawl Stone Soup version 0.26-a0-712-ga5a9c9c9d0 (webtiles) character file.

Game seed: 8721976913936839569

(classic levelgen) 37 EnegeticOcto the Covered (level 3, -5/34 HPs)
             Began as a Deep Dwarf Fighter on Nov 3, 2020.
             Slain by a gnoll
             ... wielding a +0 flail
              (7 damage)
             ... on level 4 of the Dungeon.
             The game lasted 00:00:20 (270 turns).

EnegeticOcto the Covered (Deep Dwarf Fighter)        Turns: 270, Time: 00:00:20

Health: -5/34      AC:  9    Str: 20    XL:     3   Next: 21%
Magic:  3/3        EV:  5    Int:  8    God:
Gold:   2          SH:  9    Dex: 12    Spells: 2/2 levels left

rFire    . . .     SeeInvis .   a - +0 war axe
rCold    . . .     Faith    .   c - +0 kite shield
rNeg     . . .     Spirit   .   e - +0 chain mail (curse)
rPois    .         Reflect  .   (no helmet)
rElec    .         Harm     .   (no cloak)
rCorr    .         Rampage  .   (no gloves)
MR       .....                  (no boots)
Stlth    ..........             (no amulet)
HPRegen  0.00/turn              (no ring)
MPRegen  0.08/turn              (no ring)

@: non-regenerating
A: damage resistance, heal wounds, sense surroundings 1, no regeneration
a: Heal Wounds


You were on level 4 of the Dungeon.
You visited 1 branch of the dungeon, and saw 4 of its levels.

You collected 2 gold pieces.

Inventory:

Hand Weapons
 a - a +0 war axe (weapon)
Armour
 b - a +0 scale mail
 c - a +0 kite shield (worn)
 e - a cursed +0 chain mail (worn)
Scrolls
 f - a scroll of remove curse {unknown}
Potions
 d - a potion of might {@q3}


   Skills:
 + Level 3.0 Fighting
 * Level 3.1 Axes
 + Level 3.6 Armour
 + Level 3.6 Shields


You had 2 spell levels left.
You didn't know any spells.
Your spell library was empty.

Dungeon Overview and Level Annotations

Branches:
Dungeon (4/15)
 Temple: D:4-7

Altars:
Xom


Innate Abilities, Weirdness & Mutations

You are resistant to damage.
You can heal yourself by infusing magical energy.
You passively map a small area around you.
You do not regenerate.


Message History

A goblin comes into view.
A ball python comes into view.
The goblin moves out of view.
You barely miss the ball python.
The ball python bites you but does no damage.
The ball python barely misses you.
You slash the ball python!
You kill the ball python!
You slash the goblin!
You kill the goblin!
No target in view!
No target in view!
No target in view!
No target in view!
No target in view!
No target in view!
No target in view!
No target in view!
No target in view!
No target in view!
No target in view!
No target in view!
No target in view!
No target in view!
No target in view!
Found a stone staircase leading down.
f - a scroll labeled MOLABL SUADDIO
Found a stone staircase leading up.
No target in view!
No target in view!
No target in view!
No target in view!
No target in view!
No target in view!
No target in view!
No target in view!
No target in view!
No target in view!
No target in view!
There is a stone staircase leading up here.
A kobold comes into view.
The kobold shouts!
Found a stone staircase leading down.
A kobold is nearby!
A kobold is nearby!
(D) Dungeon
Where to? (Enter - D:3, ? - help)
The kobold throws a stone.
You block the stone.
You see here a stone.
You block the kobold's attack.
You closely miss the kobold. The kobold hits you but does no damage.
You closely miss the kobold. You block the kobold's attack. x2
You barely miss the kobold. The kobold hits you but does no damage.
You hit the kobold but do no damage. You block the kobold's attack.
Your shield prevents you from hitting the kobold.
You block the kobold's attack. The kobold hits you but does no damage.
You closely miss the kobold. The kobold hits you but does no damage.
You slash the kobold!
You kill the kobold!
(D) Dungeon
Where to? (Enter - D:4, ? - help)
There is a stone staircase leading down here.
You climb downwards. 2 gnolls come into view.
The gnoll shouts! x2
There is a stone staircase leading up here.
There are monsters nearby!
There are monsters nearby!
A gnoll comes into view. It is wielding a +0 flail.
The gnoll shouts!
The gnoll throws a throwing net.
The throwing net hits you.
You become entangled in the net!
Found 10 gold pieces.
You see here a throwing net.
You struggle against the net.
You struggle against the net.
The gnoll hits you from afar with a +0 halberd!
You struggle against the net.
You struggle against the net.
The gnoll hits you from afar with a +0 halberd.
You shred the net and break free! You block the gnoll's attack. x2
You slash the gnoll!
The gnoll is almost dead.
The gnoll hits you from afar with a +0 halberd!
* * * LOW HITPOINT WARNING * * *
You are too injured to fight recklessly!
You are too injured to fight recklessly!
You are too injured to fight recklessly!
You are too injured to fight recklessly!
You are too injured to fight recklessly!
You are too injured to fight recklessly!
You are too injured to fight recklessly!
You are too injured to fight recklessly!
You are too injured to fight recklessly!
You fail to use your ability.
The gnoll hits you from afar with a +0 halberd.
* * * LOW HITPOINT WARNING * * *
The gnoll hits you.
* * * LOW HITPOINT WARNING * * *
The gnoll hits you with a +0 flail!
You die...

* *,
,$.....# *
* ,#.....#
* , #.....#
, *,#.....
* #.... #
*, ,#.g. .#
,*
,#..#.##.#,
#g@g....#,
#<.#......
* ####
##### * , ,
,, ** * , ,
, , , ,


You could see 3 gnolls.

Vanquished Creatures
  An adder (D:2)
  An ooze (D:3)
  A worm (D:2)
  A dart slug (D:2)
  A giant cockroach (D:2)
  A goblin (D:3)
  A hobgoblin (D:2)
  3 jackals (D:3)
  A quokka (D:2)
  A ball python (D:3)
  2 bats (D:2)
  A frilled lizard (D:2)
  3 kobolds
  A rat (D:2)
19 creatures vanquished.

Notes
Turn   | Place    | Note
-------+----------+-------------------------------------------
     0 | D:1      | EnegeticOcto the Deep Dwarf Fighter began the quest for the
                  | Orb.
     0 | D:1      | Reached XP level 1. HP: 20/20 MP: 1/1
    38 | D:2      | Reached XP level 2. HP: 25/27 MP: 2/2
   157 | D:3      | Reached XP level 3. HP: 26/33 MP: 3/3
   206 | D:3      | Found a shimmering altar of Xom.
   270 | D:4      | Slain by a gnoll

Illustrated notes

Levels and vault maps discovered:
D:1:      dpeg_arrival_caged_fury, layout_loops_ring
D:2:      layout_loops_ring, minmay_split_cup_large
D:3:      layout_loops_cross, xom_teletrap_fun
D:4:      layout_basic, nicolae_qazlal_general_emergency, uniq_robin

Skill      XL: |  1  2  3 |
---------------+----------+-----
Axes           | 3 |  3.1
Fighting       | 3 |  3.0
Armour         | |  3.6
Shields        | |  3.6

Action                   || total
-------------------------++-------
Melee: War axe           ||    46
Armor: Scale mail        ||     2
       Chain mail        ||    21
Dodge: Dodged            ||    14
Block: Kite shield       ||    23

Table legend: (Time is in decaauts)
 A = Elapsed time spent in this place.
 B = Non-inter-level travel time spent in this place.
 C = Inter-level travel time spent in this place.
 D = Time resting spent in this place.
 E = Time spent auto-exploring this place.
 F = Levels seen in this place.
 G = Mean time per level.
                   A        B        C        D        E       F      G
               +--------+--------+--------+--------+--------+-----+--------+
         Total |    289 |    258 |     31 |      0 |    136 |   4 |   72.2 |
       Dungeon |    289 |    258 |     31 |      0 |    136 |   4 |   72.2 |
               +--------+--------+--------+--------+--------+-----+--------+

Top non-repeatable levels by time:
     D:2: 160 daAuts
     D:3: 118 daAuts
     D:4: 8 daAuts
     D:1: 2 daAuts
